 Dungeon Crawl Stone Soup version 0.22-a0-467-g5c5de1cb09 (webtiles) character file.

662 8fpsbossfight the Spear-Bearer (level 7, -4/62 HPs)
             Began as a Minotaur Gladiator on June 10, 2018.
             Killed from afar by NoiZ's ghost (8 damage)
             ... with a magic dart
             ... on level 4 of the Dungeon.
             The game lasted 00:07:37 (4012 turns).

8fpsbossfight the Spear-Bearer (Minotaur Gladiator) Turns: 4012, Time: 00:07:38

Health: -4/62      AC: 10    Str: 20    XL:     7   Next: 30%
Magic:  6/6        EV:  6    Int:  5    God:
Gold:   158        SH:  0    Dex: 12    Spells: 6/6 levels left

rFire    . . .     SeeInvis .   a - +0 trident
rCold    . . .     Gourm    .   (no shield)
rNeg     . . .     Faith    .   n - +0 plate armour
rPois    .         Spirit   .   c - +0 hat
rElec    .         Reflect  .   (no cloak)
rCorr    .         Harm     .   (no gloves)
MR       .....                  (no boots)
Stlth    ..........             (no amulet)
HPRegen  0.20/turn              (no ring)
MPRegen  0.10/turn              (no ring)

@: no status effects
A: retaliatory headbutt, horns 2
a: no special abilities


You were on level 4 of the Dungeon.
You were very hungry.

You visited 1 branch of the dungeon, and saw 4 of its levels.

You collected 158 gold pieces.

Inventory:

Hand Weapons
 a - a +0 trident (weapon)
Missiles
 d - a throwing net (quivered) {!f}
Armour
 b - a +0 pair of gloves
   (You found it on level 4 of the Dungeon)
 c - a +0 hat (worn)
 g - a +0 scale mail
   (You found it on level 2 of the Dungeon)
 n - a +0 plate armour (worn)
   (You found it on level 2 of the Dungeon)
Jewellery
 q - a +1 ring of protection {unknown}
   (You found it on level 3 of the Dungeon)
 s - an uncursed amulet of the gourmand {unknown}
   (You found it on level 4 of the Dungeon)
 t - a cursed ring of loudness {unknown}
   (You found it on level 4 of the Dungeon)
Wands
 v - a wand of digging (15)
   (You found it on level 2 of the Dungeon)
Scrolls
 h - 3 scrolls of teleportation {unknown}
 j - 3 scrolls of identify {unknown}
 k - a scroll of enchant armour {unknown}
 m - 2 scrolls of immolation {unknown}
 p - 2 scrolls of remove curse {unknown}
 r - a scroll of magic mapping {unknown}
Potions
 f - 3 potions of haste {unknown}
 i - 2 potions of brilliance {unknown}
 l - a potion of heal wounds {unknown}
 o - a potion of might {unknown}
Comestibles
 e - 6 rations


   Skills:
 + Level 5.9 Fighting
 * Level 8.7 Polearms
 - Level 2.0 Throwing
 - Level 3.2 Dodging


You had 6 spell levels left.
You didn't know any spells.
Your spell library was empty.

Dungeon Overview and Level Annotations

Branches:
Dungeon (4/15)
 Temple: D:4-7

Altars:

Annotations:
D:4 NoiZ's ghost, amateur DECj


Innate Abilities, Weirdness & Mutations

You reflexively headbutt those who attack you in melee.
You have a pair of horns on your head.


Message History

You take 10 damage, and have 31/62 hp.
Your plate armour prevents you from hitting the iguana.
The hound barely misses you. You furiously retaliate!
You headbutt the hound!
Your plate armour prevents you from hitting the iguana.
You headbutt the iguana, but do no damage.
The hound bites you but does no damage. The iguana bites you.
* * * LOW HITPOINT WARNING * * *
The hound bites you.
* * * LOW HITPOINT WARNING * * *
You take 8 damage, and have 24/62 hp.
You hit the iguana. The iguana bites you.
* * * LOW HITPOINT WARNING * * *
You take 3 damage, and have 22/62 hp.
Your plate armour prevents you from hitting the iguana.
You headbutt the iguana! The iguana bites you.
* * * LOW HITPOINT WARNING * * *
You take 4 damage, and have 18/62 hp.
Throwing (i - inventory)
d - 3 throwing nets (quivered)
{!f}
Aim: an iguana (heavily wounded) Really fire
d - 3 throwing nets {!f}?
You throw a throwing net {!f}.
The throwing net {!f} closely misses the iguana.
The throwing net {!f} closely misses the hound.
The throwing net {!f} barely misses NoiZ's ghost.
The iguana bites you!
* * * LOW HITPOINT WARNING * * *
You take 8 damage, and have 10/62 hp.
Throwing (i - inventory)
d - 2 throwing nets (quivered)
{!f}
Aim: an iguana (heavily wounded) Really fire
d - 2 throwing nets {!f}?
You throw a throwing net {!f}. The throwing net {!f} hits the iguana.
The iguana is caught in the net!
The iguana struggles against the net.
You puncture the iguana!
You kill the iguana!
You are feeling very hungry.
The hound barely misses you. You furiously retaliate!
You headbutt the hound. The hound barely misses you. The hound bites you.
* * * LOW HITPOINT WARNING * * *
You take 1 damage, and have 10/62 hp.
You miss the hound. The hound closely misses you. You furiously retaliate!
You headbutt the hound.
You kill the hound!
NoiZ's ghost gestures at you while chanting.
The magic dart hits you!
* * * LOW HITPOINT WARNING * * *
You take 7 damage, and have 4/62 hp.
NoiZ's ghost gestures at you while chanting.
The magic dart hits you!
You die...

......##.#...'......'...# #.# #.
......##.#.###......##### #.# #.
......##.#.# #......# #.# #.
.......#.#.# #......# #.# #.
.......#.#.# #......# #.# #.
######...#.# ######## #.# #.
##..#.# #.# #.
#######..#.#################.###.
........>#......@...W....(....(#.
############################.#.#)
................# ... #.#.#)
###############.# #.# #.#.#)
#............#.# #.# #.#.#.
#...########.#.# #.# #.#.#. #...#
#.#.# #.# #.#.#. #...# #.#.# #.#
#.#<.. #...# #.#.# #.# #.#.##


You could see NoiZ's ghost.

Vanquished Creatures
  A phantom (D:2)
  A scorpion (D:4)
  2 orc priests (D:3)
  A centaur skeleton (D:4)
  2 hounds (D:4)
  Terence (D:3)
  An iguana (D:4)
  2 worker ants
  2 hound skeletons (D:4)
  Robin (D:3)
  4 gnolls (D:4)
  6 adders
  An ooze (D:2)
  4 worms
  6 dart slugs
  6 leopard geckos
  14 orcs
  A ball python (D:3)
  8 bats
  4 giant cockroaches
  7 hobgoblins
  7 jackals (D:2)
  9 kobolds
  2 quokkas
  3 frilled lizards (D:3)
  15 goblins
  12 rats
123 creatures vanquished.

Notes
Turn   | Place    | Note
-------+----------+-------------------------------------------
     0 | D:1      | 8fpsbossfight the Minotaur Gladiator began the quest for the Orb.
     0 | D:1      | Reached XP level 1. HP: 18/18 MP: 0/0
   108 | D:1      | Reached skill level 4 in Polearms
   126 | D:1      | Reached XP level 2. HP: 21/25 MP: 1/1
   925 | D:2      | Noticed a phantom
   935 | D:2      | Killed a phantom
   935 | D:2      | Reached skill level 5 in Polearms
   935 | D:2      | Reached XP level 3. HP: 28/33 MP: 2/2
   935 | D:2      | Reached XP level 4. HP: 34/40 MP: 3/3
   987 | D:2      | Reached skill level 6 in Polearms
  1033 | D:2      | Reached XP level 5. HP: 46/46 MP: 4/4
  1586 | D:3      | Noticed Terence
  1596 | D:3      | Killed Terence
  1596 | D:3      | Reached skill level 7 in Polearms
  1596 | D:3      | Reached XP level 6. HP: 46/53 MP: 5/5
  2344 | D:3      | Noticed Robin
  2347 | D:3      | Killed Robin
  2493 | D:3      | Reached skill level 5 in Fighting
  3083 | D:4      | Reached skill level 8 in Polearms
  3227 | D:4      | Reached XP level 7. HP: 61/61 MP: 6/6
  3963 | D:4      | Noticed NoiZ's ghost (amateur DECj)
  4012 | D:4      | Killed from afar by NoiZ's ghost

Vault maps used:
D:1:      dpeg_arrival_brainrot
D:2:      first_ration
D:3:      minmay_diamond_boxcup, minmay_misc_feat_x, uniq_robin, uniq_terence

Skill      XL: |  1  2  3  4  5  6 |
---------------+-------------------+-----
Polearms       | 4 5 6 7 8 |  8.7
Fighting       | 3 4 5 |  5.9
Throwing       | |  2.0
Dodging        | |  3.2

Action                   |  1- 3 |  4- 6 |  7- 9 || total
-------------------------+-------+-------+-------++-------
Melee: Trident           |    62 |   221 |    34 ||   317
       Headbutt          |     4 |    42 |     7 ||    53
Throw: Throwing net      |       |       |     2 ||     2
 Stab: Sleeping          |     2 |       |       ||     2
       Distracted        |       |     1 |       ||     1
  Eat: Chunk             |       |     8 |     1 ||     9
Armor: Leather armour    |    10 |       |       ||    10
       Scale mail        |       |    28 |       ||    28
       Plate armour      |       |    27 |    22 ||    49
Dodge: Dodged            |    21 |    64 |    15 ||   100

Table legend:
 A = Spawn XP
 B = Non-spawn XP
 C = Spawn XP percentage of total XP
 D = Spawn monster count
 E = Non-spawn monster count
 F = Spawn count percentage of total count
 G = Total turns spent on level
                    A         B        C        D         E        F      G
               +---------+---------+-------+---------+---------+-------+---------
         Total |       0 |     947 |   0.0 |       0 |     123 |   0.0 |  4012
               +---------+---------+-------+---------+---------+-------+---------
           D:1 |       0 |      39 |   0.0 |       0 |      17 |   0.0 |   925
           D:2 |       0 |     258 |   0.0 |       0 |      32 |   0.0 |   496
           D:3 |       0 |     265 |   0.0 |       0 |      58 |   0.0 |  1428
           D:4 |       0 |     385 |   0.0 |       0 |      16 |   0.0 |  1163
               +---------+---------+-------+---------+---------+-------+---------
